 Dungeon Crawl Stone Soup version 0.17-a0-870-gcb215c1 (webtiles) character file.

388 namelastname112 the Twirler (level 6, -1/52 HPs)
             Began as a Draconian Gladiator on Apr 29, 2015.
             Slain by a worker ant (6 damage)
             ... on level 5 of the Dungeon.
             The game lasted 00:03:54 (3244 turns).

namelastname112 the Twirler (Draconian Gladiator)   Turns: 3244, Time: 00:03:54

Health: -1/52      AC:  6    Str: 17    XL:     6   Next: 49%
Magic:  6/6        EV: 13    Int:  9    God:
Gold:   220        SH:  0    Dex: 13    Spells: 0 memorised, 5 levels left

rFire  . . .     SeeInvis .     a - +0 quarterstaff
rCold  . . .     Clarity  .     (armour unavailable)
rNeg   . . .     SustAb   .     (no shield)
rPois  .         Gourm    .     b - +0 hat
rElec  .         Spirit   .     (no cloak)
rCorr  .         Warding  .     (no gloves)
rMut   .         Stasis   .     (no boots)
MR     .....                    (no amulet)
Stlth  +.........               (no ring)
                                (no ring)

@: not resistant to hostile enchantments, very unstealthy
A: unfitting armour, cold-blooded, AC +6
a: no special abilities


You were on level 5 of the Dungeon.
You were not hungry.

You visited 1 branch of the dungeon, and saw 5 of its levels.

You collected 220 gold pieces.

Inventory:

Hand weapons
 a - a +0 quarterstaff (weapon)
Missiles
 c - 3 throwing nets (quivered)
Armour
 b - a +0 hat (worn)
Magical devices
 o - a wand of flame (1)
Scrolls
 e - a scroll of blinking {unknown}
 g - 4 scrolls of identify {unknown}
 m - 3 scrolls of remove curse {unknown}
 n - a scroll of recharging {unknown}
 p - 2 scrolls of amnesia {unknown}
 r - a scroll of random uselessness {unknown}
 u - a scroll of enchant weapon {unknown}
Potions
 f - a potion of agility
 j - a potion of brilliance
 l - a potion of haste
 q - a potion of poison
Comestibles
 d - 5 bread rations
 h - a slice of pizza
 k - 3 meat rations
 s - a beef jerky
 v - a royal jelly


   Skills:
 + Level 4.1 Fighting
 * Level 5.6 Staves
 - Level 1.7 Throwing
 + Level 4.0 Dodging


You had 5 spell levels left.
You didn't know any spells.

Dungeon Overview and Level Annotations

Branches:
Dungeon (5/15)
 Temple: D:4-7

Altars:


Innate Abilities, Weirdness & Mutations

Your plain brown scales are hard (AC +6).
Your body does not fit into most forms of armour.
You are cold-blooded and may be slowed by cold attacks.


Message History

You feel better.
The orc priest looks braver.
The worker ant barely misses you.
You closely miss the worker ant.
Your tail-slap misses the worker ant.
The worker ant is moderately wounded.
The worker ant bites you but does no damage.
The orc priest barely misses you.
You barely miss the worker ant.
The worker ant is moderately wounded.
The worker ant bites you.
* * * LOW HITPOINT WARNING * * *
The orc priest hits you from afar with a trident.
* * * LOW HITPOINT WARNING * * *
Drink which item? (? for menu, Esc to quit)
You feel better. The worker ant bites you.
* * * LOW HITPOINT WARNING * * *
The orc priest hits you from afar with a trident.
* * * LOW HITPOINT WARNING * * *
The worker ant bites you.
You die...

.....#...
...........
#..........
..........
#....... # #.....
#! #.oo# #.# #a#
####.# ####. #@#
....####... #.#
#.......#####.# .
##..###......?.#
#.#..#.....).....#
#...(...(..).....#
....<.###.......<#
##..#.# ########.#
.$..#.# #.#


You could see a worker ant, an orc priest and an orc.

Vanquished Creatures
  Sigmund (D:4)
  A scorpion (D:4)
  Ijyb (D:2)
  A worker ant (D:4)
  3 adders
  3 gnolls (D:3)
  An ooze (D:1)
  4 worms
  4 giant geckos
  2 orcs
  5 bats
  5 giant cockroaches
  3 goblins
  3 hobgoblins
  9 kobolds
  A quokka (D:4)
  A ball python (D:1)
  4 giant newts
  A jackal skeleton (D:4)
  4 rats
57 creatures vanquished.

Notes
Turn   | Place    | Note
--------------------------------------------------------------
     0 | D:1      | namelastname112, the Draconian Gladiator, began the quest for the Orb.
     0 | D:1      | Reached XP level 1. HP: 17/17 MP: 1/1
   212 | D:1      | Reached XP level 2. HP: 18/25 MP: 2/2
   937 | D:2      | Reached XP level 3. HP: 20/30 MP: 3/3
  1068 | D:2      | Noticed Ijyb
  1078 | D:2      | Killed Ijyb
  1078 | D:2      | Reached skill level 4 in Staves
  1078 | D:2      | Reached XP level 4. HP: 20/37 MP: 4/4
  2030 | D:3      | Reached XP level 5. HP: 45/45 MP: 5/5
  2520 | D:4      | Reached skill level 5 in Staves
  2789 | D:4      | Noticed Sigmund
  2814 | D:4      | Killed Sigmund
  2814 | D:4      | Reached XP level 6. HP: 23/52 MP: 6/6
  3208 | D:5      | Entered Level 5 of the Dungeon
  3244 | D:5      | Slain by a worker ant

Action                   |  1- 3 |  4- 6 || total
-------------------------+-------+-------++-------
Melee: Quarterstaff      |    77 |   126 ||   203
Evoke: Wand              |       |     5 ||     5
  Use: Potion            |       |     8 ||     8
 Stab: Sleeping          |     2 |       ||     2
  Eat: Chunk             |       |     6 ||     6
       Beef jerky        |       |     1 ||     1
